 Dungeon Crawl Stone Soup version 0.26-a0-21-gf97e55dc39 (webtiles) character file.

Game seed: 5286098138266268313, levelgen mode: classic

17238 Amnesiac the Frost Mage (level 11, -3/84 HPs)
             Began as a Demigod Ice Elementalist on May 26, 2020.
             Killed from afar by Jorgrun (52 damage)
             ... with an iron shot
             ... on level 1 of the Orcish Mines.
             The game lasted 00:34:43 (14439 turns).

Amnesiac the Frost Mage (Demigod Ice Elementalist) Turns: 14439, Time: 00:34:43

Health: -3/84      AC: 11    Str: 13    XL:     11   Next: 89%
Magic:  26/28      EV:  8    Int: 23    God:
Gold:   512        SH:  5    Dex: 16    Spells: 1/28 levels left

rFire    . . .     SeeInvis .   a - +5 hunting sling (venom)
rCold    . . .     Gourm    .   x - +0 buckler
rNeg     + . .     Faith    .   W - +0 ring mail (curse)
rPois    .         Spirit   .   m - +2 helmet
rElec    .         Reflect  .   V - scarf {+Inv}
rCorr    .         Harm     .   w - +2 pair of gloves
MR       +....                  (no boots)
Stlth    +.........             b - amulet of regeneration
HPRegen  0.64/turn              o - ring of positive energy
MPRegen  0.21/turn              (no ring)

@: grasped by roots, frozen ramparts, constricted
A: high mp 1
a: Evoke Invisibility


You were on level 1 of the Orcish Mines.
You were not hungry.

You visited 3 branches of the dungeon, and saw 14 of its levels.
You also visited: Sewer.

You collected 848 gold pieces.
You spent 336 gold pieces at shops.

Inventory:

Hand Weapons
 a - a +5 hunting sling of venom (weapon)
 f - a +0 hunting sling of flaming
 p - a +2 scythe of venom
Missiles
 i - 36 poisoned darts
 n - 352 stones
 q - 23 sling bullets (quivered)
Armour
 h - the +0 robe "Ezucunuo" {-Cast rF++ rC+ Regen+ Str+4}
   (You found it on level 5 of the Dungeon)

   It affects your strength (+4).
   It greatly protects you from fire.
   It protects you from cold.
   It prevents spellcasting.
   It increases your rate of regeneration.
 m - a +2 helmet (worn)
 v - a +2 leather armour of cold resistance
 w - a +2 pair of gloves (worn)
 x - a +0 buckler (worn)
 y - a +2 cloak of stealth
 z - +0 swamp dragon scales
 K - the +0 leather armour of Context {rPois rN+ Str+4 Int+2}
   (You found it in a sewer)

   It affects your strength (+4).
   It affects your intelligence (+2).
   It protects you from poison.
   It protects you from negative energy.
 V - a scarf of invisibility (worn)
 W - a cursed +0 ring mail (worn)
Jewellery
 b - an amulet of regeneration (around neck)
 o - a ring of positive energy (left hand)
 J - an uncursed ring of ice
Wands
 t - a wand of flame (17)
 D - a wand of digging (5)
 R - a wand of random effects (10)
 S - a wand of clouds (1)
 U - a wand of paralysis (5)
Scrolls
 d - 2 scrolls of blinking {!r}
 r - 2 scrolls of fog {!r}
 B - 9 scrolls of teleportation {!r}
 F - 2 scrolls of magic mapping {!r}
 L - a scroll of fear {!r}
 Q - 2 scrolls of identify {!r}
Potions
 e - 11 potions of curing {!q}
 l - a potion of haste {!q}
 A - 3 potions of mutation {!q}
 C - a potion of brilliance {!q}
 E - 3 potions of heal wounds {!q}
 H - 4 potions of flight {!q}
 M - 2 potions of might {!q}
 N - 2 potions of stabbing {!q}
 P - a potion of invisibility {!q}
Comestibles
 c - 23 rations
 g - 10 chunks of flesh


   Skills:
 + Level 4.0 Fighting
 - Level 2.0 Dodging
 - Level 2.0 Stealth
 - Level 4.0 Shields
 + Level 9.2 Spellcasting
 * Level 13.8 Ice Magic
 - Level 4.0 Evocations


You had one spell level left.
You knew the following spells:

 Your Spells              Type           Power        Failure   Level  Hunger
a - Freeze                Ice            ####         1%          1    None
b - Frozen Ramparts       Ice            ######       1%          3    None
c - Summon Ice Beast      Ice/Summ       #####...     8%          4    ##.....
d - Hailstorm             Conj/Ice       #####...     8%          4    ##.....
e - Poisonous Vapours     Pois/Air       ##....       21%         2    None
f - Mephitic Cloud        Conj/Pois/Air  ##......     38%         3    None
g - Summon Lightning Spi  Summ/Air       ##......     80%         4    ##.....
s - Conjure Flame         Conj/Fire      ##......     38%         3    None
z - Ozocubu's Armour      Chrm/Ice       #####...     2%          3    None

Your spell library contained the following spells:

 Spells                   Type           Power        Failure   Level  Hunger
 Animate Skeleton         Necr           N/A          14%         1    None
 Apportation              Tloc           ##....       14%         1    None
 Corona                   Hex            ##.....      14%         1    None
 Summon Small Mammal      Summ           ##..         14%         1    None
 Call Imp                 Summ           ##......     21%         2    None
 Call Canine Familiar     Summ           ##......     38%         3    None
 Summon Guardian Golem    Hex/Summ       ##......     38%         3    None
 Freezing Cloud           Conj/Ice/Air   ####......   97%         6    ######.
 Ring of Flames           Chrm/Fire      ##........   100%        7    #######


Dungeon Overview and Level Annotations

Branches:
Dungeon (10/15)            Temple (0/1) D:4            Lair (3/6) D:8
    Orc (1/2) D:9           Sewer (visited)
  Swamp: Lair:2-4    Shoals: Lair:2-4     Snake: Lair:2-4    Spider: Lair:2-4

Shops:
D:4 =?(

Annotations:
Orc:1 Jorgrun


Innate Abilities, Weirdness & Mutations

You have an increased reservoir of magic. (+10% MP)


Message History

An orc comes into view. It is wielding a -3 falchion.
The orc shouts!
You hear a shout! x2
An orc is nearby!
An orc is nearby!
Firing (i - inventory. (/) - cycle)
q - 29 sling bullets (quivered)
Press: ? - help, Shift-Dir - straight line, f - orc
Aim: an orc, wielding a -3 falchion and wearing a +0 leather armour You shoot a sling bullet.
The sling bullet hits the orc!
You kill the orc!
Jorgrun Earthshaker comes into view.
He is wielding a staff of earth.
Firing (i - inventory. (/) - cycle)
q - 28 sling bullets (quivered)
Press: ? - help, Shift-Dir - straight line, f - Jorgrun
Aim: Jorgrun, wielding a staff of earth and wearing a +0 robe (wandering, hasn't noticed you)
You shoot a sling bullet.
The sling bullet completely misses Jorgrun.
Jorgrun shouts!
An orc comes into view. It is wielding a +0 dagger.
An orc comes into view. It is wielding a +0 short sword.
Firing (i - inventory. (/) - cycle)
q - 27 sling bullets (quivered)
Press: ? - help, Shift-Dir - straight line, f/p - Jorgrun
Aim: Jorgrun, wielding a staff of earth and wearing a +0 robe You shoot a sling bullet.
The sling bullet closely misses Jorgrun.
The orc shouts!
The sling bullet hits the orc!
You kill the orc!
An orc warrior comes into view. It is wielding a +0 battleaxe.
Firing (i - inventory. (/) - cycle)
q - 26 sling bullets (quivered)
Press: ? - help, Shift-Dir - straight line, f/p - Jorgrun
Aim: Jorgrun, wielding a staff of earth and wearing a +0 robe You shoot a sling bullet.
The sling bullet misses Jorgrun.
The sling bullet hits the orc warrior.
The orc warrior is poisoned.
The orc warrior is lightly wounded.
Firing (i - inventory. (/) - cycle)
q - 25 sling bullets (quivered)
Press: ? - help, Shift-Dir - straight line, f/p - Jorgrun
Aim: Jorgrun, wielding a staff of earth and wearing a +0 robe You shoot a sling bullet.
The sling bullet misses Jorgrun.
The sling bullet hits the orc but does no damage.
The orc is poisoned.
Jorgrun points at you and mumbles some strange words.
The wall shatters!
The blast of rock fragments hits you!!
Casting: Frozen Ramparts (safe; 1% risk of failure)
Confirm with . or Enter, or press ? or * to list all spells.
The walls around you are covered in ice.
You kill the orc!
The orc priest shouts!
The orc priest begins to cast a cantrip, but forgets the words!
The wall freezes Jorgrun!
Firing (i - inventory. (/) - cycle)
q - 24 sling bullets (quivered)
Press: ? - help, Shift-Dir - straight line, f/p - Jorgrun
Aim: Jorgrun, wielding a staff of earth and wearing a +0 robe (lightly wounded)
You shoot a sling bullet. The sling bullet hits Jorgrun.
Jorgrun is lightly wounded.
The wall freezes Jorgrun!
Jorgrun casts a spell at you.
Roots burst forth from the earth!
The grasping roots grab you! The grasping roots constrict you!
An orc warrior comes into view. It is wielding a +0 halberd.
The wall freezes Jorgrun!
Jorgrun gestures at you while chanting. The iron shot hits you!!!
Ouch! That really hurt!
You die...

### ### ###.## #####.##
##....#
..#......###....#####
.).......#.#.#...##..##
........og.@..........#
##..).............#..##
#...............#######
..(..............#####.##
(....>..#........##.#...#
(.......................##
....o..#.......)........#
................o.....##
.... ...............##


You could see Jorgrun, 2 orc warriors and an orc priest.

Vanquished Creatures
  An ettin (D:9)
  Erolcha (D:9)
  Harold (D:8)
  A two-headed ogre (D:8)
  A black mamba (Lair:1)
  Joseph (D:7)
  Psyche (D:9)
  3 torpor snails (Lair:3)
  3 spiny frogs
  Maggie (D:8)
  2 rime drakes
  2 komodo dragons
  A troll (D:10)
  Prince Ribbit (D:9)
  2 hornets
  2 hippogriffs
  5 blink frogs (Lair:3)
  2 nameless horrors (D:9)
  A vampire (D:9)
  Sigmund (D:3)
  Eustachio (D:4)
  9 yaks
  Edmund (D:4)
  Menkaure (D:7)
  3 wargs (D:8)
  3 water moccasins
  A porcupine (Lair:3)
  Duvessa (D:7)
  10 orc warriors
  A black bear (Lair:3)
  3 ice beasts
  2 sky beasts
  4 centaurs
  2 phantoms
  4 ogres
  7 crocodiles
  2 big kobolds
  6 bullfrogs
  A gnoll sergeant (D:6)
  Dowan (D:7)
  2 scorpions
  A water moccasin skeleton (D:9)
  3 killer bees (D:9)
  A howler monkey (D:8)
  4 crimson imps
  4 hounds
  Crazy Yiuf (D:3)
  5 orc priests
  15 orc wizards
  Ijyb (D:3)
  A bullfrog skeleton (D:4)
  3 iguanas
  Terence (D:3)
  2 merfolk sirens (Sewer)
  Natasha (thrice) (D:3)
  A merfolk avatar (Sewer)
  4 worker ants
  A hound skeleton (D:7)
  A mummy (D:8)
  2 worker ant zombies
  Robin (D:3)
  A howler monkey zombie (D:5)
  9 adders
  8 gnolls
  4 river rats
  2 shadow imps (D:6)
  An ooze (D:6)
  An adder zombie (D:6)
  2 adder skeletons
  3 worms
  2 dart slugs
  7 leopard geckos
  47 orcs
  11 bats
  8 giant cockroaches
  17 goblins
  12 hobgoblins
  19 jackals
  17 kobolds
  2 quokkas
  8 ball pythons
  11 frilled lizards
  A leopard gecko zombie (D:5)
  A quokka skeleton (D:9)
  27 rats
374 creatures vanquished.

Vanquished Creatures (collateral kills)
  A phantom (D:9)
  A howler monkey (D:4)
2 creatures vanquished.

Grand Total: 376 creatures vanquished

Notes
Turn   | Place    | Note
-------+----------+-------------------------------------------
     0 | D:1      | Amnesiac the Demigod Ice Elementalist began the quest for
                  | the Orb.
     0 | D:1      | Reached XP level 1. HP: 14/14 MP: 5/5
    28 | D:1      | You fall into a shaft and drop 1 floor!
    28 | D:2      | Found a white marble altar of Elyvilon.
   225 | D:1      | Reached XP level 2. HP: 20/20 MP: 2/7
   236 | D:1      | Reached skill level 4 in Ice Magic
  1037 | D:2      | Reached XP level 3. HP: 27/27 MP: 8/8
  1042 | D:2      | Learned a level 3 spell: Frozen Ramparts
  1671 | D:2      | Reached XP level 4. HP: 26/34 MP: 4/10
  1865 | D:3      | Noticed Terence
  1876 | D:3      | Killed Terence
  1876 | D:3      | Reached skill level 5 in Ice Magic
  1925 | D:3      | Reached XP level 5. HP: 30/39 MP: 5/12
  2191 | D:3      | Found a runed translucent door.
  2192 | D:3      | Noticed Crazy Yiuf
  2210 | D:3      | Noticed Sigmund
  2223 | D:3      | Killed Sigmund
  2223 | D:3      | Reached skill level 6 in Ice Magic
  2223 | D:3      | Reached XP level 6. HP: 41/46 MP: 9/14
  2326 | D:3      | Found a stormy altar of Qazlal.
  2536 | D:3      | Noticed Ijyb
  2553 | D:3      | Killed Ijyb
  2663 | D:3      | Noticed Robin
  2699 | D:3      | Killed Robin
  3028 | D:3      | Noticed Natasha
  3033 | D:3      | Killed Natasha
  3059 | D:3      | Noticed Natasha
  3067 | D:3      | Killed Natasha
  3233 | D:3      | Found a shattered altar of Ashenzari.
  3291 | D:3      | Noticed Natasha
  3297 | D:3      | Killed Natasha
  3414 | D:3      | Killed Crazy Yiuf
  3475 | D:4      | Noticed Edmund
  3483 | D:4      | Killed Edmund
  3483 | D:4      | Reached skill level 1 in Shields
  3483 | D:4      | Reached XP level 7. HP: 51/51 MP: 9/16
  3557 | D:4      | Reached skill level 7 in Ice Magic
  3641 | D:4      | Learned a level 4 spell: Summon Ice Beast
  3645 | D:4      | Learned a level 3 spell: Ozocubu's Armour
  3691 | D:4      | Noticed Eustachio
  3699 | D:4      | Killed Eustachio
  3907 | D:4      | Found a staircase to the Ecumenical Temple.
  3998 | D:4      | Found Legreucs's Jewellery Emporium.
  4127 | D:4      | Found Jomoss's Antique Weapon Emporium.
  4284 | D:4      | Found a basalt altar of Yredelemnul.
  4342 | D:4      | Found Jyt Icer's Magic Scroll Boutique.
  4347 | D:4      | Bought a scroll of blinking for 105 gold pieces
  4347 | D:4      | Bought a scroll of magic mapping for 49 gold pieces
  4347 | D:4      | Bought a scroll of identify for 28 gold pieces
  4347 | D:4      | Bought a scroll of remove curse for 42 gold pieces
  4468 | D:5      | Entered Level 5 of the Dungeon
  4591 | D:5      | Found a glowing drain.
  4597 | Sewer    | Entered a sewer
  5006 | Sewer    | Got a garnet-encrusted leather armour
  5230 | D:5      | Found an ornate altar of the Wu Jian Council.
  5238 | D:5      | Reached XP level 8. HP: 56/58 MP: 12/18
  5247 | D:5      | Reached skill level 8 in Ice Magic
  5273 | D:5      | Got a creamy pearl robe
  5853 | D:5      | Found an iron altar of Okawaru.
  5899 | D:5      | Reached skill level 5 in Spellcasting
  6004 | D:4      | Bought a scroll of noise for 14 gold pieces
  6004 | D:4      | Bought a scroll of fear for 49 gold pieces
  6108 | D:6      | Noticed a hornet
  6114 | D:6      | Killed a hornet
  6207 | D:6      | Identified the cursed +0 robe "Ezucunuo" {-Cast rF++ rC+
                  | Regen+ Str+4} (You found it on level 5 of the Dungeon)
  6218 | D:6      | Identified the cursed +0 leather armour of Context {rPois
                  | rN+ Str+4 Int+2} (You found it in a sewer)
  6318 | D:6      | Reached skill level 9 in Ice Magic
  6396 | D:6      | Reached XP level 9. HP: 63/63 MP: 9/21
  7037 | D:7      | Noticed Duvessa
  7044 | D:7      | Noticed Dowan
  7052 | D:7      | Killed Duvessa
  7059 | D:7      | Killed Dowan
  7086 | D:7      | Reached skill level 10 in Ice Magic
  7138 | D:7      | Noticed Menkaure
  7152 | D:7      | Killed Menkaure
  7238 | D:7      | Found an opulent altar of Gozag.
  7240 | D:7      | Noticed Joseph
  7260 | D:7      | Killed Joseph
  7260 | D:7      | Reached skill level 1 in Evocations
  7865 | D:4      | Bought a scroll of amnesia for 49 gold pieces
  8015 | D:8      | Noticed Maggie
  8021 | D:8      | Killed Maggie
  8021 | D:8      | Reached XP level 10. HP: 66/70 MP: 15/24
  8088 | D:8      | Reached skill level 11 in Ice Magic
  8218 | D:8      | Noticed Harold
  8227 | D:8      | Killed Harold
  8317 | D:8      | Found a staircase to the Lair.
  8356 | D:8      | Noticed a two-headed ogre
  8373 | D:8      | Killed a two-headed ogre
  8499 | D:8      | Found a hazy altar of Hepliaklqana.
  8577 | D:8      | Found a snail-covered altar of Cheibriados.
  8653 | D:8      | Found a burning altar of Makhleb.
  8756 | Lair:1   | Entered Level 1 of the Lair of Beasts
  8789 | Lair:1   | Noticed a black mamba
  8796 | Lair:1   | Learned a level 4 spell: Hailstorm
  8804 | Lair:1   | Killed a black mamba
  9024 | Lair:1   | Reached skill level 12 in Ice Magic
 10533 | Lair:2   | Reached XP level 11. HP: 62/75 MP: 24/27
 11289 | Lair:3   | Reached skill level 1 in Fighting
 11454 | Lair:3   | Reached skill level 13 in Ice Magic
 11671 | Lair:3   | Found a snail-covered altar of Cheibriados.
 12217 | D:9      | Learned a level 2 spell: Poisonous Vapours
 12221 | D:9      | Learned a level 3 spell: Conjure Flame
 12225 | D:9      | Learned a level 3 spell: Mephitic Cloud
 12230 | D:9      | Learned a level 4 spell: Summon Lightning Spire
 12541 | D:9      | Found a snail-covered altar of Cheibriados.
 12559 | D:9      | Noticed Psyche
 12586 | D:9      | Killed Psyche
 12718 | D:9      | Found a shimmering blue altar of Sif Muna.
 13005 | D:10     | Entered Level 10 of the Dungeon
 13136 | D:9      | Found a radiant altar of Vehumet.
 13297 | D:9      | Noticed Erolcha
 13305 | D:9      | Killed Erolcha
 13529 | D:9      | Found a roughly hewn altar of Beogh.
 13529 | D:9      | Found a staircase to the Orcish Mines.
 13889 | D:9      | Found a sparkling altar of Nemelex Xobeh.
 13933 | D:9      | Noticed Prince Ribbit
 13938 | D:9      | Killed Prince Ribbit
 14180 | Orc:1    | Entered Level 1 of the Orcish Mines
 14182 | Orc:1    | Noticed an ettin
 14213 | D:9      | Killed an ettin
 14429 | Orc:1    | Noticed Jorgrun
 14439 | Orc:1    | Killed from afar by Jorgrun

Illustrated notes

Levels and vault maps discovered:
D:1:      zaba_arrival_water, layout_basic, serial_curves, eino_curves_02,
          eino_curves_01, minivault_19
D:2:      layout_loops_corners, nicolae_overflow_crystal_walls
D:3:      kennysheep_goblin_castle, layout_loops_corners, marbit_many_paths,
          nicolae_qazlal_eye_of_the_storm, uniq_ijyb, uniq_natasha,
          uniq_crazy_yiuf_cottage, uniq_sigmund, uniq_terence
D:4:      layout_loops_ring, lemuel_coloured_pillars_altar,
          minmay_temple_entry_drinking_statues, serial_shops, shop,
          shop_fountains, kennysheep_little_box, first_ration,
          columned_hall_lemuel, kennysheep_generic_room_5, uniq_edmund,
          uniq_eustachio
D:5:      layout_loops_corners, kennysheep_mini_moat, old_standard_altar,
          portal_sewer_entry_e
D:6:      layout_rooms, wad_rectangle_vault
D:7:      minmay_flawed_box, layout_rooms, grunt_gozag_statues, uniq_menkaure,
          uniq_joseph, uniq_duvessa
D:8:      layout_loops_ring, lemuel_doored_altar, slow_altar_2,
          makhleb_grotto_becter, erik_lair_orcish_takeover, uniq_harold,
          uniq_maggie
D:9:      layout_layer_cave, nemelex_xobeh_ov_fountains_minmay, kennysheep_mini,
          vehumet_crystals, david_orc_5, basic_altar, uniq_prince_ribbit1,
          uniq_erolcha, uniq_psyche
D:10:     layout_loops_ring, basic_altar, grunt_tengu_nest
Lair:1:   layout_layer_cave, lemuel_fruit_fields
Lair:2:   layout_cave_pods, grunt_megastairs_2
Lair:3:   layout_regular_city, kennysheep_snail_temple
Orc:1:    layout_caves, uniq_jorgrun

Skill      XL: |  1  2  3  4  5  6  7  8  9 10 11 |
---------------+----------------------------------+-----
Spellcasting   | 2 3 4 5 6 8 9 |  9.2
Ice Magic      | 4 5 6 7 9 10 12 13 | 13.8
Stealth        | 2 |  2.0
Dodging        | 2 |  2.0
Shields        | 1 2 4 |  4.0
Evocations     | 2 4 |  4.0
Fighting       | 4 |  4.0

Action                   |  1- 3 |  4- 6 |  7- 9 | 10-12 || total
-------------------------+-------+-------+-------+-------++-------
Melee: Unarmed           |    10 |       |       |       ||    10
       Hunting sling     |       |       |     1 |       ||     1
 Fire: Hunting sling     |    42 |   100 |   385 |   321 ||   848
 Cast: Freeze            |    43 |    18 |    67 |    22 ||   150
       Frozen Ramparts   |     3 |    19 |    41 |    55 ||   118
       Summon Ice Beast  |       |       |     6 |     4 ||    10
       Hailstorm         |       |       |       |    14 ||    14
       Summon Lightning  |       |       |       |     3 ||     3
Evoke: Wand              |       |       |       |     3 ||     3
  Use: Scroll            |       |       |    16 |    13 ||    29
       Potion            |       |       |       |     1 ||     1
  Eat: Chunk             |     3 |     7 |    15 |    15 ||    40
       Ration            |       |       |       |     2 ||     2
Armor: Robe              |    16 |     8 |    28 |       ||    52
       Leather armour    |       |       |    34 |    32 ||    66
       Ring mail         |       |       |       |    21 ||    21
Dodge: Dodged            |    32 |    48 |   105 |    85 ||   270
Block: Buckler           |       |       |    17 |    46 ||    63

Table legend:
 A = Non-vault XP
 B = Vault XP
 C = Vault XP percentage of total XP
 D = Non-vault monster count
 E = Vault monster count
 F = Vault count percentage of total count
                 A         B        C        D         E       F
            +---------+---------+-------+---------+---------+-------
      Total |   16455 |    8172 |  33.2 |     234 |     140 |  37.4
            +---------+---------+-------+---------+---------+-------
        D:1 |      36 |       0 |   0.0 |      19 |       0 |   0.0
        D:2 |     117 |       0 |   0.0 |      24 |       0 |   0.0
        D:3 |     233 |     427 |  64.7 |      29 |      27 |  48.2
        D:4 |     236 |     425 |  64.3 |      17 |       4 |  19.0
        D:5 |     507 |      37 |   6.8 |      11 |       8 |  42.1
        D:6 |    1315 |      93 |   6.6 |      30 |       5 |  14.3
        D:7 |    1442 |    1179 |  45.0 |      27 |      13 |  32.5
        D:8 |    1531 |    1957 |  56.1 |      10 |      13 |  56.5
        D:9 |    2317 |    2454 |  51.4 |      19 |      25 |  56.8
       D:10 |     307 |       0 |   0.0 |       1 |       0 |   0.0
     Lair:1 |    1560 |       0 |   0.0 |       6 |       0 |   0.0
     Lair:2 |    2103 |     109 |   4.9 |       9 |       1 |  10.0
     Lair:3 |    4343 |    1312 |  23.2 |      19 |       3 |  13.6
      Orc:1 |     408 |       0 |   0.0 |      13 |       0 |   0.0
      Sewer |       0 |     179 | 100.0 |       0 |      41 | 100.0
            +---------+---------+-------+---------+---------+-------
